 Dungeon Sprint DCSS version 0.17-a0-1210-g1e4f09d (webtiles) character file.

614 Kidiri the Conjurer (level 7, 0/60 HPs)
             Began as a Grey Draconian Conjurer on June 4, 2015.
             Was a High Priest of Vehumet.
             Slain by a hornet (13 damage)
             ... while paralysed by a hornet
             ... in the Dungeon (Sprint VII: "The Pits").
             The game lasted 00:11:25 (1212 turns).

Kidiri the Conjurer (Grey Draconian Conjurer)       Turns: 1212, Time: 00:11:26

Health: 0/60       AC: 16    Str: 11    XL:     7   Next: 20%
Magic:  5/16       EV:  2    Int: 17    God:    Vehumet [*****.]
Gold:   0          SH:  0    Dex: 11    Spells: 6 memorised, 2 levels left

rFire  . . .     SeeInvis .     m - +2 quarterstaff (protect)
rCold  . . .     Clarity  .     (armour unavailable)
rNeg   . . .     SustAt   .     (no shield)
rPois  .         Gourm    .     (helmet restricted)
rElec  .         Spirit   .     (no cloak)
rCorr  .         Warding  .     (no gloves)
rMut   .         NoTele   +     (no boots)
MR     .....                    (no amulet)
Stlth  +++.......               (no ring)
                                (no ring)

@: paralysed, lethally poisoned (0 -> -47), slowed, not resistant to hostile
enchantments, fairly stealthy
A: walk through water, unfitting armour, unbreathing, cold-blooded, AC +11
a: Renounce Religion


You were in the Dungeon.
You worshipped Vehumet.
Vehumet was extremely pleased with you.
You were not hungry.

You visited 1 branch

Inventory:

Hand weapons
 m - a +2 quarterstaff of protection (weapon)
Magical staves
 l - an uncursed staff of energy
Scrolls
 h - a scroll of blinking
Potions
 c - 5 potions of curing
 d - 3 potions of heal wounds
 f - 3 potions of magic
 g - 2 potions of berserk rage
 k - 2 potions of invisibility
Books
 a - a book of Conjurations

   Spells                             Type                      Level
   a - Magic Dart                     Conjuration                  1
   b - Searing Ray                    Conjuration                  2
   c - Dazzling Spray                 Conjuration/Hexes            3
   d - Fulminant Prism                Conjuration/Hexes            4
   e - Iskenderun's Mystic Blast      Conjuration                  4
   f - Iskenderun's Battlesphere      Conjuration/Charms           5
Comestibles
 b - 8 bread rations
 i - 40 fruits
 j - 6 meat rations


   Skills:
 + Level 4.9 Fighting
 + Level 4.4 Staves
 + Level 4.6 Dodging
 * Level 7.0 Stealth
 * Level 6.5 Spellcasting
 * Level 7.9 Conjurations
 + Level 3.6 Hexes
 + Level 0.4 Fire Magic
 + Level 4.5 Evocations


You had 2 spell levels left.
You knew the following spells:

 Your Spells              Type           Power        Failure   Level  Hunger
a - Magic Dart            Conj           ####         1%          1    None
b - Searing Ray           Conj           ####..       1%          2    None
c - Dazzling Spray        Conj/Hex       ####....     1%          3    ##.....
d - Iskenderun's Mystic   Conj           ####....     1%          4    ####...
e - Fulminant Prism       Conj/Hex       ####......   4%          4    ####...
f - Inner Flame           Hex/Fire       ##......     4%          3    ##.....


Dungeon Overview and Level Annotations

Branches:
Dungeon (1/1)

Altars:
Ashenzari
Cheibriados
Dithmenos
Elyvilon
Fedhas
Gozag
Kikubaaqudgha
Makhleb
Nemelex Xobeh
Okawaru
Qazlal
Ru
Sif Muna
Trog
Vehumet
Xom
Yredelemnul
Zin
The Shining One
Beogh
Jiyva
Lugonu


Innate Abilities, Weirdness & Mutations

You can walk through water.
Your dull iron-grey scales are very hard (AC +11).
Your body does not fit into most forms of armour.
You can survive without breathing.
You are cold-blooded and may be slowed by cold attacks.


Message History

The searing ray hits the hornet.
The hornet is heavily wounded.
You feel sick. The hornet closely misses you. The hornet closely misses you.
The searing ray hits the hornet.
The hornet is heavily wounded.
You feel sick. The hornet stings you.
You are more poisoned.
You feel as though you will be slow longer.
The hornet stings you!!
* * * LOW HITPOINT WARNING * * *
You are more poisoned.
You feel as though you will be slow longer.
Drink which item? (? for menu, Esc to quit)
You feel much better.
You feel very sick. The hornet stings you!
* * * LOW HITPOINT WARNING * * *
You are more poisoned.
You suddenly lose the ability to move!
The hornet stings you!
You die...

#(####+##+###...<...#
#.#....)...##.......#
#)#........##.......#
#(###########.......#
#.......#.. #########
#.###...#)# ###
#.#.....#†# ...#
#.#...#.#)#....#
#.....#.#@y†...+
#...###.#÷#....#
#.......'.# ...#
########### ###


You could see a hornet.

Vanquished Creatures
  A flying skull (D)
  A yak (D)
  A centaur (D)
  A scorpion (D)
  2 iron imps (D)
  A jelly (D)
  Terence (D)
  An iguana (D)
  A gnoll (D)
  A river rat (D)
  2 giant eyeballs (D)
  An ooze (D)
  An ufetubus (D)
  An adder skeleton (D)
  A giant cockroach (D)
  A quokka (D)
  2 giant newts (D)
  A goblin (D)
  2 rats (D)
23 creatures vanquished.

Vanquished Creatures (others)
  A fulminant prism (D)
1 creature vanquished.

Grand Total: 24 creatures vanquished

Notes
Turn   | Place    | Note
--------------------------------------------------------------
     0 | D        | Kidiri the Draconian Conjurer began the quest for the Orb.
     0 | D        | Reached XP level 1. HP: 14/14 MP: 3/3
    41 | D        | Found a sacrificial altar of Ru.
    41 | D        | Found a basalt altar of Yredelemnul.
    41 | D        | Found a shadowy altar of Dithmenos.
    41 | D        | Found a deep blue altar of Sif Muna.
    41 | D        | Found a burning altar of Makhleb.
    41 | D        | Found a shimmering altar of Xom.
    41 | D        | Found an ancient bone altar of Kikubaaqudgha.
    41 | D        | Found a sparkling altar of Nemelex Xobeh.
    42 | D        | Found a glowing golden altar of the Shining One.
    42 | D        | Found a bloodstained altar of Trog.
    42 | D        | Found a shattered altar of Ashenzari.
    42 | D        | Found a white marble altar of Elyvilon.
    42 | D        | Found a snail-covered altar of Cheibriados.
    42 | D        | Found a blossoming altar of Fedhas.
    42 | D        | Found a radiant altar of Vehumet.
    42 | D        | Found a glowing silver altar of Zin.
    42 | D        | Found a corrupted altar of Lugonu.
    42 | D        | Found a viscous altar of Jiyva.
    42 | D        | Found a roughly hewn altar of Beogh.
    42 | D        | Found an iron altar of Okawaru.
    48 | D        | Found a stormy altar of Qazlal.
    48 | D        | Found an opulent altar of Gozag.
    50 | D        | Became a worshipper of Vehumet
   140 | D        | Acquired Vehumet's first power
   140 | D        | Offered knowledge of Flame Tongue by Vehumet.
   140 | D        | Reached skill level 1 in Fighting
   140 | D        | Reached skill level 1 in Evocations
   140 | D        | Reached XP level 2. HP: 23/23 MP: 0/5
   170 | D        | Learned a level 2 spell: Searing Ray
   191 | D        | Reached skill level 1 in Staves
   327 | D        | Reached XP level 3. HP: 27/29 MP: 2/7
   328 | D        | Paralysed by a giant eyeball for 4 turns
   336 | D        | Offered knowledge of Freeze by Vehumet.
   399 | D        | Learned a level 3 spell: Dazzling Spray
   448 | D        | Noticed an iguana
   472 | D        | Killed an iguana
   472 | D        | Reached skill level 5 in Conjurations
   621 | D        | Offered knowledge of Throw Frost by Vehumet.
   621 | D        | Acquired Vehumet's second power
   621 | D        | Reached XP level 4. HP: 36/36 MP: 5/9
   627 | D        | Learned a level 4 spell: Iskenderun's Mystic Blast
   655 | D        | Noticed a flying skull
   656 | D        | Noticed a centaur
   689 | D        | Killed a flying skull
   689 | D        | Reached skill level 5 in Stealth
   689 | D        | Reached skill level 5 in Spellcasting
   689 | D        | Reached skill level 6 in Conjurations
   689 | D        | Reached XP level 5. HP: 35/45 MP: 3/12
   721 | D        | Learned a level 4 spell: Fulminant Prism
   792 | D        | Killed a centaur
   792 | D        | Reached XP level 6. HP: 45/52 MP: 7/14
   853 | D        | Noticed an iron imp
   866 | D        | Killed an iron imp
   866 | D        | Offered knowledge of Inner Flame by Vehumet.
   866 | D        | Acquired Vehumet's third power
   866 | D        | Reached skill level 7 in Conjurations
   931 | D        | Noticed a jelly
   935 | D        | Killed a jelly
   953 | D        | Noticed a yak
   959 | D        | Killed a yak
   959 | D        | Your scales start taking on a dull iron-grey colour.
   959 | D        | Gained mutation: You can survive without breathing. [Grey Draconian growth]
   959 | D        | Reached XP level 7. HP: 45/60 MP: 10/16
   964 | D        | Learned a level 3 spell: Inner Flame
  1035 | D        | Noticed Terence
  1035 | D        | Noticed a scorpion
  1038 | D        | Killed a scorpion
  1038 | D        | Offered knowledge of Conjure Flame by Vehumet.
  1048 | D        | Killed Terence
  1204 | D        | Noticed an iron imp
  1204 | D        | Noticed a hornet
  1207 | D        | Paralysed by a hornet for 2 turns
  1208 | D        | Killed an iron imp
  1208 | D        | Offered knowledge of Airstrike by Vehumet.
  1212 | D        | Paralysed by a hornet for 3 turns
  1212 | D        | Slain by a hornet

Vault maps used:
D:        pitsprint

Action                   |  1- 3 |  4- 6 |  7- 9 || total
-------------------------+-------+-------+-------++-------
Melee: Staff             |    11 |       |       ||    11
       Quarterstaff      |     3 |     3 |     1 ||     7
 Cast: Magic Dart        |    19 |    12 |     8 ||    39
       Searing Ray       |     3 |     5 |     2 ||    10
       Dazzling Spray    |       |     1 |       ||     1
       Iskenderun's Myst |       |     2 |     2 ||     4
       Fulminant Prism   |       |       |     1 ||     1
  Use: Potion            |     2 |     3 |     2 ||     7
 Stab: Sleeping          |     1 |     1 |       ||     2
  Eat: Chunk             |       |     1 |       ||     1
       Meat ration       |       |     1 |       ||     1
